 Dungeon Crawl Stone Soup version 0.32-a0-599-gba8f9cf90e (webtiles) character file.

Game seed: 11584717984687513605

89 dialectric the Changeling (level 4, -4/38 HPs)
             Began as a Draconian Shapeshifter on Mar 2, 2024.
             Killed by nerve-wracking pain
             ... invoked by Grinder
              (5 damage)
             ... on level 2 of the Dungeon.
             The game lasted 00:01:38 (1294 turns).

dialectric the Changeling (Draconian Shapeshifter)  Turns: 1294, Time: 00:01:38

Health: -4/38      AC:  5    Str: 17    XL:     4   Next: 31%
Magic:  4/4        EV: 12    Int: 10    God:
Gold:   112        SH:  0    Dex: 12    Spells: 3/3 levels left

rFire   . .          .
                       - Unarmed
rCold   . . .        (no shield)
rNeg    . . .        (body armour unavailable)
rPois   .            (helmet currently unavailable)
rElec   .            (cloak currently unavailable)
rCorr   .            (gloves currently unavailable)
SInv    .            (boots currently unavailable)
Will    +....        i - amulet of the acrobat
Stlth   +            (no ring)
HPRegen 0.00/turn    (no ring)
MPRegen 0.09/turn

%: acrobat
@: beast-form, attractive, enlightened, flying, inhibited regen
A: beast (slay +2), AC +5, unfitting armour, cold-blooded, beak, inhibited
regeneration, evolution 1
a: Begin Untransformation


You were on level 2 of the Dungeon.
You were a hulking beast.
You visited 1 branch of the dungeon, and saw 3 of its levels.

You collected 112 gold pieces.

Inventory:

Jewellery
 i - an amulet of the acrobat (around neck)
Talismans
 b - a beast talisman (active)
 c - a flux talisman
Wands
 l - a wand of paralysis (7)
Scrolls
 d - a scroll of enchant weapon {unknown}
 h - a scroll of vulnerability {unknown}
 k - a scroll of fear {unknown}
 p - a scroll of teleportation {unknown}
 r - a scroll of torment {unknown}
 t - a scroll of acquirement {unknown}
Potions
 a - a potion of lignification
 e - a potion of ambrosia {unknown}
 f - a potion of might {unknown}
 g - a potion of resistance
 m - a potion of enlightenment
 n - 2 potions of haste
 o - 2 potions of magic


   Skills:
 * Level 3.3 Fighting
 + Level 2.6 Dodging
 - Level 3.0 Unarmed Combat
 + Level 3.5 Shapeshifting


You had 3 spell levels left.
You didn't know any spells.
Your spell library contained the following spells:

 Spells                   Type           Power      Damage    Failure   Level
 Call Canine Familiar     Summ           0%         N/A       75%         3
 Dazzling Flash           Conj/Hex       0%         N/A       75%         3
 Sigil of Binding         Hex            0%         N/A       75%         3
 Volatile Blastmotes      Fire/Tloc      0%         2d10      75%         3
 Dimensional Bullseye     Hex/Tloc       0%         N/A       98%         4
 Starburst                Conj/Fire      0%         6d3       100%        6
 Maxwell's Capacitive Co  Air            0%         ∞         100%        8


Dungeon Overview and Level Annotations

Branches:
Dungeon (3/15)

Altars:

Annotations:
D:2 Grinder


Innate Abilities, Weirdness & Mutations

You are a hulking beast.
Your limbs bulge with bestial killing power. (Slay +2)
Your plain brown scales are hard. (AC +5)
You cannot fit into any form of body armour.
You are cold-blooded and may be slowed by cold attacks.
You have a beak for a mouth.
You do not regenerate when monsters are visible.
You have hidden genetic potential.


Message History

Unknown command.
You closely miss Grinder. You tail-slap Grinder.
Grinder is lightly wounded.
Grinder barely misses you.
You hit Grinder.
Grinder is lightly wounded.
Grinder hits you.
You barely miss Grinder.
Grinder is lightly wounded.
Grinder gestures at you.
You suddenly lose the ability to move!
Grinder hits you.
You writhe in agony.
Grinder hits you!
* * * LOW HITPOINT WARNING * * *
You writhe in agony.
* * * LOW HITPOINT WARNING * * *
You can move again.
It was a potion of enlightenment.
You feel very buoyant.
You fly up into the air.
Grinder hits you but does no damage.
It was a potion of magic.
Magic courses through your body. Grinder gestures at you.
You shrug off the repeated paralysis!
It was a potion of attraction.
You feel attractive to monsters.
Grinder blinks!
Grinder is attracted toward you.
Unknown command.
It was a potion of curing.
You feel better. Grinder hits you.
* * * LOW HITPOINT WARNING * * *
You writhe in agony.
* * * LOW HITPOINT WARNING * * *
Unknown command.
It was a potion of mutation.
You feel extremely strange.
You feel a hidden potential growing inside you.
Your regeneration stops near monsters.
Your mouth lengthens and hardens into a beak!
Grinder gestures at you. Pain shoots through your body!
You die...
Grinder says, "Now the real fun starts!"

# #.♣~P♣P..~~~~~♣## #.# ######
#..~~~)~~.~~~...# #.# .....#
##♣♣♣♣♣~~~♣~♣♣♣.####.###
.....####♣♣♣♣♣♣~♣♣♣♣♣♣........#
.....##....♣.♣.§♣♣ ♣.<..###.#.#
.....####....♣♣~P♣♣#.######.#.#
............♣♣♣~♣♣...#......#.#
.....######..♣♣5♣♣.###.######.#
.....### #....§h#.###.#......#
....[..#####.###.......#.######
.....#.#.....# #########.#
.....#.##.#### #.#
######.##.##############.#
#.##................# ##
#.################### .# #.#
)### #.#


You could see Grinder.

Vanquished Creatures
  A hound (D:2)
  2 adders (D:2)
  2 dart slugs (D:2)
  3 ball pythons
  2 endoplasms
  A giant cockroach (D:2)
  6 goblins
  3 hobgoblins (D:2)
  2 quokkas
  4 bats
  7 kobolds
  2 rats
35 creatures vanquished.

Notes
Turn   | Place    | Note
-------+----------+-------------------------------------------
     0 | D:1      | dialectric the Draconian Shapeshifter began the quest for
                  | the Orb.
     0 | D:1      | Reached XP level 1. HP: 16/16 MP: 1/1
   123 | D:1      | Reached XP level 2. HP: 14/24 MP: 2/2
   527 | D:2      | Reached XP level 3. HP: 24/30 MP: 3/3
   734 | D:2      | Reached XP level 4. HP: 24/38 MP: 4/4
  1271 | D:3      | Noticed Grinder
  1287 | D:2      | Paralysed by Grinder for 2 turns
  1293 | D:2      | HP: 1/38 [Grinder (5)]
  1294 | D:2      | Gained mutation: You have hidden genetic potential. [potion
                  | of mutation]
  1294 | D:2      | Gained mutation: You do not regenerate when monsters are
                  | visible. [potion of mutation]
  1294 | D:2      | Gained mutation: You have a beak for a mouth. [potion of
                  | mutation]
  1294 | D:2      | Killed from afar by Grinder

Illustrated notes

Levels and vault maps discovered:
D:1:      noname_arrival_rooms_in_the_neighbourhood, layout_rooms
D:2:      layout_basic, serial_bayou, serial_bayou_lake_a, serial_bayou_pond_d,
          serial_bayou_crossing, serial_bayou_pond_a
D:3:      layout_rooms, uniq_sigmund, uniq_grinder

Skill      XL: |  1  2  3 |
---------------+----------+-----
Dodging        | 2 |  2.6
Fighting       | 2 3 |  3.3
Unarmed Combat | |  3.0
Shapeshifting  | |  3.5

Action                     |  1- 3 |  4- 6 || total
---------------------------+-------+-------++-------
  Melee: Unarmed           |    79 |    31 ||   110
         Tailslap          |    12 |     3 ||    15
         Punch             |     1 |       ||     1
    Use: Scroll            |     1 |     1 ||     2
         Potion            |       |     5 ||     5
 Armour: Skin              |    44 |    11 ||    55
  Dodge: Dodged            |    48 |    21 ||    69

Table legend: (Time is in decaauts)
 A = Elapsed time spent in this place.
 B = Non-inter-level travel time spent in this place.
 C = Inter-level travel time spent in this place.
 D = Time resting spent in this place.
 E = Time spent auto-exploring this place.
 F = Levels seen in this place.
 G = Mean time per level.
                   A        B        C        D        E       F      G
               +--------+--------+--------+--------+--------+-----+--------+
         Total |   1325 |   1290 |     35 |      0 |   1016 |   3 |  441.7 |
       Dungeon |   1325 |   1290 |     35 |      0 |   1016 |   3 |  441.7 |
               +--------+--------+--------+--------+--------+-----+--------+

Top non-repeatable levels by time:
     D:2: 814 daAuts
     D:1: 494 daAuts
     D:3: 16 daAuts
